 Dungeon Crawl Stone Soup version 0.21.1-1-g345015fe64 (webtiles) character file.

211 Evaline the Sneak (level 5, -9/38 HPs)
             Began as a Vampire Assassin on June 10, 2018.
             Mangled by an ogre
             ... wielding a +0 giant club
              (24 damage)
             ... on level 3 of the Dungeon.
             The game lasted 00:22:52 (2903 turns).

Evaline the Sneak (Vampire Assassin)                Turns: 2903, Time: 00:22:54

Health: -9/38      AC:  0    Str: 10    XL:     5   Next: 57%
Magic:  3/5        EV: 21    Int: 13    God:
Gold:   170        SH:  0    Dex: 22    Spells: 4/4 levels left

rFire    . . .     SeeInvis +   (weapon currently unavailable)
rCold    + + .     Gourm    .   (shield currently unavailable)
rNeg     + + +     Faith    .   (armour currently unavailable)
rPois    ∞         Spirit   .   (helmet currently unavailable)
rElec    .         Reflect  .   (cloak currently unavailable)
rCorr    .         Harm     .   (gloves currently unavailable)
MR       .....                  (boots currently unavailable)
Stlth    ++++++....             (no amulet)
HPRegen  0.00/turn              (ring currently unavailable)
MPRegen  0.09/turn              (ring currently unavailable)

@: bat-form, flying, bloodless, non-regenerating, very quick
A: tiny, fangs 3, see invisible
a: End Transformation


You were on level 3 of the Dungeon.
You were bloodless.
You were in vampire-bat-form.
You visited 1 branch of the dungeon, and saw 4 of its levels.

You collected 170 gold pieces.

Inventory:

Hand Weapons
 a - a +2 dagger
 b - a +0 hunting sling
 s - a +0 falchion
 u - a +0 blowgun
 x - a cursed -2 falchion (melded)
 A - a +0 rapier
Missiles
 e - 14 poisoned needles
 f - 2 curare-tipped needles
 i - 141 stones (quivered)
 j - 75 sling bullets
Armour
 c - a +0 robe
 r - a +0 leather armour (melded)
 C - a +0 cloak (melded)
 E - a cursed +0 pair of gloves (melded)
 G - a +0 helmet (melded)
Scrolls
 k - 5 scrolls of remove curse
 m - 3 scrolls of teleportation {unknown}
 n - 2 scrolls of blinking {unknown}
 q - a scroll of enchant weapon {unknown}
 t - a scroll of immolation {unknown}
 v - a scroll of noise {unknown}
 w - a scroll of amnesia {unknown}
 y - a scroll of identify {unknown}
Potions
 g - 18 potions of blood
 h - a potion of agility {unknown}
 l - a potion of brilliance {unknown}
 o - a potion of lignification {unknown}
 z - a potion of degeneration {unknown}
 D - a potion of heal wounds {unknown}
 F - a potion of flight {unknown}


   Skills:
 + Level 2.2 Fighting
 * Level 4.5 Short Blades
 - Level 1.5 Throwing
 * Level 2.7 Dodging
 * Level 7.6 Stealth


You had 4 spell levels left.
You didn't know any spells.

Dungeon Overview and Level Annotations

Branches:
Dungeon (4/15)
 Temple: D:4-7

Altars:
Fedhas
Trog
Wu Jian
The Shining One

Annotations:
D:3 exclusion: downstairs


Innate Abilities, Weirdness & Mutations

You do not heal naturally.
You are immune to poison.
You have razor-sharp teeth.
You have supernaturally acute eyesight. (SInv)
((You can survive without breathing.))


Message History

a quarterstaff of chaos; a +0 pair of gloves; a +0 cloak
There is an open door here.
There is a stone staircase leading down here.
Your transformation has ended.
Your cursed -2 falchion unmelds from your body.
Your +0 cloak unmelds from your body.
Your +0 helmet unmelds from your body.
Your cursed +0 pair of gloves unmelds from your body.
Your +0 leather armour unmelds from your body.
The goblin barely misses you.
You hit the goblin.
You kill the goblin!
You see here a goblin corpse.
You turn into a vampire bat.
Your cursed -2 falchion melds into your body.
Your +0 cloak melds into your body.
Your +0 helmet melds into your body.
Your cursed +0 pair of gloves melds into your body.
Your +0 leather armour melds into your body.
The ogre hits you with a giant club!!
Ouch! That really hurt!
You die...

................#
#...........###
######..........#
#.####'####.##. #..........#
#.## #.# #.##. #..........# #..#
#.####.##.
###############.###.......#.
#.......##..##.......#.
#.......###.##.......#.
#.......# #..#.......#.
#.....b.####.#.......#.
#......O.....#.......#.
#........)...........#. ######
#.[......†(.#..####.##. #...>#
#...........#..# #.##.
#....###########.....#..####.###
#.............%'.............###
#..%..##########......#>##......
#.....# #......#.##......


You could see an ogre.

Vanquished Creatures
  A bullfrog skeleton (D:4)
  Crazy Yiuf (D:3)
  Jessica (D:2)
  6 adders
  2 oozes
  A worm (D:2)
  An adder skeleton (D:4)
  A dart slug (D:1)
  3 leopard geckos
  2 bats (D:3)
  3 giant cockroaches
  7 goblins
  5 hobgoblins
  7 jackals
  A quokka (D:3)
  A ball python (D:1)
  8 frilled lizards
  2 kobolds
  5 rats
  5 fungi (D:3)
63 creatures vanquished.

Notes
Turn   | Place    | Note
-------+----------+-------------------------------------------
     0 | D:1      | Evaline the Vampire Assassin began the quest for the Orb.
     0 | D:1      | Reached XP level 1. HP: 16/16 MP: 1/1
    79 | D:1      | Reached skill level 6 in Stealth
   331 | D:1      | Reached XP level 2. HP: 22/22 MP: 2/2
   693 | D:2      | Reached XP level 3. HP: 27/27 MP: 3/3
  1197 | D:2      | Noticed Jessica
  1207 | D:2      | Killed Jessica
  1207 | D:2      | Reached skill level 7 in Stealth
  1208 | D:2      | Reached XP level 4. HP: 33/33 MP: 4/4
  1785 | D:3      | Noticed an ogre
  1966 | D:3      | Found a runed door.
  1970 | D:3      | Noticed Crazy Yiuf
  1974 | D:3      | Killed Crazy Yiuf
  1974 | D:3      | Reached XP level 5. HP: 38/38 MP: 5/5
  2022 | D:3      | Found a bloodstained altar of Trog.
  2022 | D:3      | Found an ornate altar of the Wu Jian Council.
  2024 | D:3      | Found a blossoming altar of Fedhas.
  2039 | D:3      | Found a glowing golden altar of the Shining One.
  2718 | D:4      | Noticed an ogre
  2762 | D:4      | Noticed an ogre
  2903 | D:3      | Mangled by an ogre

Skill      XL: |  1  2  3  4 |
---------------+-------------+-----
Stealth        | 6 7 |  7.6
Fighting       | 2 |  2.2
Short Blades   | 3 4 |  4.5
Dodging        | 2 |  2.7
Throwing       | |  1.5

Action                   |  1- 3 |  4- 6 || total
-------------------------+-------+-------++-------
Melee: Dagger            |    66 |   144 ||   210
       Bite              |     8 |    26 ||    34
       Falchion          |       |     6 ||     6
 Abil: Bat Form          |       |     4 ||     4
       End Transformatio |       |     3 ||     3
  Use: Scroll            |     1 |       ||     1
 Stab: Sleeping          |    10 |    16 ||    26
       Distracted        |       |     2 ||     2
Armor: Robe              |    14 |    11 ||    25
       Leather armour    |       |     1 ||     1
Dodge: Dodged            |    26 |    40 ||    66
       Rpst.: Falchion   |       |     2 ||     2
